 Dungeon Crawl Stone Soup version 0.27-a0-1184-ge86db4a01e (webtiles) character file.

Game seed: 7454167192330257270

447 ZappyNine the Ruffian (level 7, 0/100 HPs)
             Began as an Ogre Transmuter on May 18, 2021.
             Slain by an orc warrior
             ... wielding a +0 flail
              (5 damage)
             ... on level 4 of the Dungeon.
             The game lasted 00:06:32 (4274 turns).

ZappyNine the Ruffian (Ogre Transmuter)             Turns: 4274, Time: 00:06:33

Health: 0/100      AC: 27    Str: 18 (21) XL:     7   Next: 3%
Magic:  12/12      EV:  1    Int: 13 (14) God:
Gold:   156        SH:  0    Dex:  8 (11) Spells: 9/13 levels left

rFire    . . .     SeeInvis .     - Unarmed
rCold    . . .     Faith    .   (no shield)
rNeg     + + +     Spirit   .   (armour currently unavailable)
rPois    +         Reflect  .   (helmet currently unavailable)
rElec    .         Harm     .   (cloak currently unavailable)
rCorr    .         Rampage  .   (gloves unavailable)
Will     .....     NoTele   +   (boots unavailable)
Stlth    +.........             (no amulet)
HPRegen  0.26/turn              d - +4 ring of protection
MPRegen  0.13/turn              e - +6 ring of strength

@: tree-form, unable to read
A: stationary, stasis, torment immunity, boosted hp, large, unfitting armour,
(tough skin 1), inability to read while threatened
a: no special abilities


You were on level 4 of the Dungeon.
You were a tree.
You visited 1 branch of the dungeon, and saw 4 of its levels.

You collected 156 gold pieces.

Inventory:

Armour
 a - a +0 robe (melded)
Magical Staves
 g - a staff of death
Jewellery
 d - a +4 ring of protection (left branch)
 e - a +6 ring of strength (right branch)
Wands
 b - a wand of iceblast (16)
Scrolls
 h - 6 scrolls of identify {unknown}
Potions
 i - a potion of might
 j - a potion of haste
 l - a potion of magic


   Skills:
 - Level 3.0 Fighting
 + Level 3.0 Dodging
 - Level 3.8 Unarmed Combat
 - Level 3.6 Spellcasting
 - Level 2.8 Transmutations
 - Level 3.3 Poison Magic


You had 9 spell levels left.
You knew the following spells:

 Your Spells              Type           Power      Damage    Failure   Level
a - Beastly Appendage     Tmut           18%        N/A       7%          1
b - Spider Form           Tmut/Pois      5%         N/A       19%         3

Your spell library contained the following spells:

 Spells                   Type           Power      Damage    Failure   Level
 Wereblood                Tmut           9%         N/A       11%         2
 Animate Skeleton         Necr           4%         N/A       22%         1
 Magic Dart               Conj           8%         1d3       22%         1
 Pain                     Necr           8%         1d4       22%         1
 Blink                    Tloc           N/A        N/A       32%         2
 Call Imp                 Summ           2%         N/A       32%         2
 Slow                     Hex            2%         N/A       32%         2
 Mephitic Cloud           Conj/Pois/Air  5%         N/A       38%         3
 Conjure Flame            Conj/Fire      2%         6-21      54%         3
 Vampiric Draining        Necr           1%         2d6       54%         3
 Ice Form                 Ice/Tmut       6%         N/A       77%         4
 Hydra Form               Tmut           4%         N/A       88%         5
 Animate Dead             Necr           1%         N/A       91%         4
 Agony                    Necr           2%         N/A       99%         5


Dungeon Overview and Level Annotations

Branches:
Dungeon (4/15)
 Temple: D:4-7

Altars:
The Shining One

Shops:
D:1 :

Annotations:
D:3 3 runed translucent doors, Sobieck's ghost, amateur DsFi


Innate Abilities, Weirdness & Mutations

You are a tree.
Your roots penetrate the ground, keeping you stationary.
You cannot be teleported.
You are immune to unholy pain and torment.
Your maximum health is greatly increased.
Your equipment is partially melded.
You are too large for most types of armour.
((You have tough skin. (AC +1)))
You sometimes lose the ability to read scrolls when taking damage.


Message History

a +0 flail; an orc corpse The orc warrior misses you.
An orc comes into view. It is wielding a +0 flail.
The orc shouts!
You hit the orc warrior but do no damage.
The orc warrior is poisoned.
The orc warrior hits you with a +0 flail!!
You feel threatened and lose the ability to read scrolls!
* * * LOW HITPOINT WARNING * * *
You hit the orc warrior.
The orc warrior looks as sick as possible!
The orc warrior is lightly wounded.
Your transformation has ended.
Your +0 robe unmelds from your body.
The orc warrior hits you with a +0 flail!
* * * LOW HITPOINT WARNING * * *
It was a potion of degeneration.
There was something very wrong with that liquid.
You feel weakened.
You feel dopey.
You feel clumsy.
The orc warrior hits you with a +0 flail.
* * * LOW HITPOINT WARNING * * *
It was a potion of magic.
Magic courses through your body.
The orc warrior hits you but does no damage.
The giant cockroach bites you but does no damage.
It was a potion of lignification.
You turn into a tree.
Your +0 robe melds into your body.
Your roots penetrate the ground.
The orc warrior hits you but does no damage.
The giant cockroach bites you but does no damage.
You hit the orc warrior.
The orc warrior is heavily wounded.
The giant cockroach bites you but does no damage.
You swing at nothing.
The orc warrior hits you but does no damage.
The giant cockroach bites you but does no damage.
The orc hits you but does no damage.
You smack the orc warrior!
The orc warrior is almost dead.
The giant cockroach bites you but does no damage.
The orc warrior hits you with a +0 flail.
You die...

+# .# #.# ##.##
##...##
######o....#
......B♣..# ##
######)o.###....
#..†....#
#...##### ###.#
#.###########
#.##........#
##########
#.##.######.#
.........#
#.##........#


You could see an orc warrior (very poisoned), an orc and a giant cockroach.

Vanquished Creatures
  An ogre (D:4)
  A phantom (D:4)
  A scorpion (D:4)
  A crimson imp (D:3)
  An orc priest (D:4)
  A centaur skeleton (D:4)
  8 adders
  3 worms
  2 dart slugs (D:2)
  An orc (D:4)
  4 ball pythons
  5 endoplasms
  A giant cockroach (D:1)
  3 goblins
  5 hobgoblins
  2 quokkas (D:3)
  4 bats
  5 frilled lizards
  A goblin zombie (D:3)
  2 hobgoblin zombies (D:3)
  4 kobolds
  A kobold skeleton (D:3)
  2 kobold zombies (D:3)
  2 orc skeletons (D:3)
  2 orc zombies (D:3)
  4 rats
67 creatures vanquished.

Notes
Turn   | Place    | Note
-------+----------+-------------------------------------------
     0 | D:1      | ZappyNine the Ogre Transmuter began the quest for the Orb.
     0 | D:1      | Reached XP level 1. HP: 19/19 MP: 3/3
    29 | D:1      | Found a faded altar of an unknown god.
   442 | D:1      | Reached XP level 2. HP: 28/28 MP: 5/5
   781 | D:1      | Found Meseutips's Book Emporium.
  1281 | D:2      | Reached XP level 3. HP: 30/36 MP: 4/6
  1727 | D:2      | Reached XP level 4. HP: 45/45 MP: 5/7
  1732 | D:2      | Learned a level 3 spell: Spider Form
  1863 | D:2      | Reached skill level 1 in Poison Magic
  2202 | D:3      | Gained mutation: Armour fits poorly on your strangely
                  | shaped body. [potion of mutation]
  2202 | D:3      | Gained mutation: You are agile. (Dex +2) [potion of
                  | mutation]
  2202 | D:3      | Gained mutation: You evolve. [potion of mutation]
  2338 | D:3      | Lost mutation: Armour fits poorly on your strangely shaped
                  | body. [evolution]
  2338 | D:3      | Lost mutation: You evolve. [end of evolution]
  2425 | D:3      | Lost mutation: You are agile. (Dex +2) [potion of mutation]
  2425 | D:3      | Gained mutation: You sometimes lose the ability to read
                  | scrolls when taking damage. [potion of mutation]
  2551 | D:3      | Found a glowing golden altar of the Shining One.
  2602 | D:3      | Reached XP level 5. HP: 52/53 MP: 8/8
  3329 | D:3      | Found a runed translucent gate.
  3330 | D:3      | Found a runed translucent gate.
  3338 | D:3      | Found a runed translucent gate.
  3513 | D:3      | Noticed Sobieck's ghost (amateur DsFi)
  3763 | D:4      | Reached XP level 6. HP: 42/61 MP: 10/10
  4263 | D:4      | Reached XP level 7. HP: 35/67 MP: 8/12
  4269 | D:4      | HP: 2/67 [orc warrior/+0 flail (5)]
  4274 | D:4      | Slain by an orc warrior

Illustrated notes

Levels and vault maps discovered:
D:1:      psy_arrival_conway, layout_loops_cross, shapermc_ecumenical_altar_gd,
          serial_shops, shop
D:2:      layout_rooms, minmay_octomino_e4
D:3:      layout_loops_corners, nicolae_tso_besieged_by_evil,
          ebering_ghost_rock_garden, hex_large
D:4:      layout_loops_corners, kennysheep_okawaru_gauntlet, uniq_robin

Skill      XL: |  1  2  3  4  5  6 |
---------------+-------------------+-----
Unarmed Combat | 3 |  3.8
Fighting       | 2 3 |  3.0
Poison Magic   | 2 3 |  3.3
Transmutations | 2 |  2.8
Spellcasting   | 3 |  3.6
Dodging        | 3 |  3.0

Action                   |  1- 3 |  4- 6 |  7- 9 || total
-------------------------+-------+-------+-------++-------
Melee: Unarmed           |    98 |   153 |     6 ||   257
       Kick              |    10 |    26 |       ||    36
       Punch             |     4 |     2 |       ||     6
       Headbutt          |     7 |    12 |       ||    19
 Cast: Beastly Appendage |     9 |    22 |       ||    31
       Spider Form       |       |     2 |       ||     2
  Use: Potion            |       |     5 |     3 ||     8
       Scroll            |       |     1 |       ||     1
Armor: Robe              |    39 |    62 |     2 ||   103
       Skin              |       |       |     7 ||     7
Dodge: Dodged            |    34 |    80 |     1 ||   115

Table legend: (Time is in decaauts)
 A = Elapsed time spent in this place.
 B = Non-inter-level travel time spent in this place.
 C = Inter-level travel time spent in this place.
 D = Time resting spent in this place.
 E = Time spent auto-exploring this place.
 F = Levels seen in this place.
 G = Mean time per level.
                   A        B        C        D        E       F      G
               +--------+--------+--------+--------+--------+-----+--------+
         Total |   4247 |   4137 |    110 |    994 |   2628 |   4 | 1061.8 |
       Dungeon |   4247 |   4137 |    110 |    994 |   2628 |   4 | 1061.8 |
               +--------+--------+--------+--------+--------+-----+--------+

Top non-repeatable levels by time:
     D:3: 1596 daAuts
     D:1: 1201 daAuts
     D:2: 917 daAuts
     D:4: 531 daAuts
